 Dungeon Sprint DCSS version 0.28.0-53-g5a82cb258f (webtiles) character file.

Game seed: 17510959611386447897

106 Zeld the Chopper (level 4, -3/70 HPs)
             Began as a Minotaur Berserker on June 4, 2022.
             Was a Priest of Trog.
             Slain by a sun demon (19 damage)
             ... summoned by a kobold demonologist
             ... in the Dungeon (Sprint III: "The Ten Rune Challenge").
             The game lasted 00:00:34 (235 turns).

Zeld the Chopper (Minotaur Berserker)                Turns: 235, Time: 00:00:35

Health: -3/70      AC:  5    Str: 24    XL:     4   Next: 55%
Magic:  3/3        EV: 13    Int:  4    God:    Trog [***...]
Gold:   19         SH:  0    Dex:  9    Spells: 3/3 levels left

rFire   . . .      SeeInvis .   a - +0 hand axe
rCold   . . .      Faith    .   (no shield)
rNeg    . . .      Spirit   .   b - +0 animal skin
rPois   .          Reflect  .   (helmet restricted)
rElec   .          Harm     .   i - +2 cloak
rCorr   .          Rampage  .   (no gloves)
Will    .....      NoTele   +   (no boots)
Stlth   ..........              (no amulet)
HPRegen 0.21/turn               (no ring)
MPRegen 0.08/turn               (no ring)

@: berserking, very quick
A: horns 2, retaliatory headbutt
a: Renounce Religion, Berserk, Trog's Hand


You were in the Dungeon.
You worshipped Trog.
Trog was most pleased with you.
You visited 1 branch You collected 19 gold pieces.

Inventory:

Hand Weapons
 a - a +0 hand axe (weapon)
Armour
 b - a +0 animal skin (worn)
 i - a +2 cloak (worn)
Scrolls
 h - a scroll of blinking
 k - 2 scrolls of torment {unknown}
 l - 2 scrolls of identify {unknown}
Potions
 c - 3 potions of curing
 d - a potion of heal wounds
 e - a potion of haste
 f - 2 potions of magic
 g - a potion of berserk rage
 j - 5 potions of mutation {unknown}
 m - a potion of degeneration {unknown}


   Skills:
 * Level 7.2 Fighting
 * Level 7.3 Axes
 + Level 4.9 Armour
 + Level 4.6 Dodging


You had 3 spell levels left.
You didn't know any spells.
Your spell library was empty.

Dungeon Overview and Level Annotations

Branches:
Dungeon (1/1)

Altars:
Kikubaaqudgha
Sif Muna
Vehumet


Innate Abilities, Weirdness & Mutations

You have a pair of horns on your head.
You reflexively headbutt those who attack you in melee.


Message History

The kobold demonologist mumbles some strange words.
The wizard hits you with a +0 dagger.
You closely miss the wizard.
The wizard is almost dead.
The crimson imp blinks!
The kobold demonologist gestures wildly while chanting.
The wizard hits you with a +0 dagger.
You hit the wizard. Your headbutt misses the wizard.
The wizard is almost dead.
You hit the white imp. The white imp gestures at you.
The puff of frost hits you!
Unknown command.
Unknown command.
A red film seems to cover your vision as you go berserk!
You feel yourself moving faster!
You feel mighty!
The crimson imp blinks!
The white imp hits you. The white imp freezes you.
You barely miss the sun demon. You hit the white imp. The sun demon hits you!
You are engulfed in flames!
* * * LOW HITPOINT WARNING * * *
Unknown command.
You hit the sun demon. Your headbutt misses the sun demon.
The sun demon is lightly wounded.
You slash the white imp!
You kill the white imp!
The white imp disappears in a puff of smoke!
The sun demon barely misses you.
Unknown command.
You hit the sun demon. You headbutt the sun demon.
The sun demon is moderately wounded.
The kobold demonologist begins to cast a cantrip, but forgets the words!
The sun demon hits you but does no damage.
Unknown command.
You closely miss the sun demon.
The sun demon is moderately wounded.
Unknown command.
You hit the sun demon but do no damage. You headbutt the sun demon!
The sun demon is heavily wounded.
The sun demon hits you!!
You die...

.#)..#### ##.#
.#......#####..#
##.......#..#..#
.##.##...#..#..###+#+###+
.##.###..##'#..#.........
####.##..###...5.⌠.......
##..##..####...#...#####
.†..##..###....#.⌠.#
#..##...##.....#@§.#
..##....#.)....#3###
.###..##.#.....#Kp .#
#..#####....#5__ ▓▓ ▓▓▓▓
▓▓▓▓▓▓▓▓▓▓


You could see a sun demon (summoned), a wizard, a kobold demonologist, a quasit
(summoned) and a crimson imp (summoned).

Vanquished Creatures
  A water elemental (D)
  Crazy Yiuf (D)
  A human (D)
  An endoplasm (D)
  3 rats (D)
7 creatures vanquished.

Notes
Turn   | Place    | Note
-------+----------+-------------------------------------------
     0 | D        | Zeld the Minotaur Berserker began the quest for the Orb.
     0 | D        | Reached XP level 1. HP: 19/19 MP: 0/0
    23 | D        | Reached ** piety under Trog
    37 | D        | Noticed Crazy Yiuf
    40 | D        | Killed Crazy Yiuf
    41 | D        | Reached skill level 5 in Fighting
    41 | D        | Reached skill level 5 in Axes
    41 | D        | Reached XP level 2. HP: 29/29 MP: 1/1
    41 | D        | Reached XP level 3. HP: 36/36 MP: 2/2
   160 | D        | Noticed a water elemental
   163 | D        | Killed a water elemental
   163 | D        | Reached *** piety under Trog
   164 | D        | Reached XP level 4. HP: 47/47 MP: 3/3
   222 | D        | Found a radiant altar of Vehumet.
   222 | D        | Found a shimmering blue altar of Sif Muna.
   222 | D        | Found an ancient bone altar of Kikubaaqudgha.
   222 | D        | Noticed a wizard
   228 | D        | Noticed a sun demon
   235 | D        | Slain by a sun demon

Illustrated notes

Levels and vault maps discovered:
D:        dungeon_sprint_mu [sprint_mu_entry_cave, sprint_mu_temple_rooms,
          sprint_mu_d1_spiders, sprint_mu_d2_genie, sprint_mu_d3_branching,
          sprint_mu_orc_legion, sprint_mu_elf_gauntlet, sprint_mu_hive_nellie,
          sprint_mu_lair_fedhas, sprint_mu_vaults_butterflies,
          sprint_mu_slime_circle, sprint_mu_shoals_archi,
          sprint_mu_snake_twists, sprint_mu_blade_basic,
          sprint_mu_crypt_chambers, sprint_mu_tomb_spiral,
          sprint_mu_vestibule_basic, sprint_mu_gehenna_hellfire,
          sprint_mu_dis_giant, sprint_mu_tartarus_statrot,
          sprint_mu_cocytus_islands, sprint_mu_zot1]

Skill      XL: |  1  2  3 |
---------------+----------+-----
Fighting       | 5 7 |  7.2
Axes           | 5 7 |  7.3
Armour         | 3 4 |  4.9
Dodging        | 3 4 |  4.6

Action                   |  1- 3 |  4- 6 || total
-------------------------+-------+-------++-------
Melee: Hand axe          |    19 |    12 ||    31
       Headbutt          |     2 |     3 ||     5
Invok: Berserk           |     2 |     1 ||     3
 Stab: Sleeping          |     1 |       ||     1
Armor: Animal skin       |     1 |     1 ||     2
Dodge: Dodged            |     6 |     5 ||    11
